 Dungeon Crawl Stone Soup version 0.23.2-33-g5129a83184 (webtiles) character file.

Game seed: 1624120192909539552

105 MalarOregon the Digger (level 4, 0/36 (37) HPs)
             Began as a Ghoul Earth Elementalist on July 15, 2019.
             Slain by a gnoll
             ... wielding a +0 halberd
              (12 damage)
             ... on level 2 of the Dungeon.
             The game lasted 00:05:11 (2145 turns).

MalarOregon the Digger (Ghoul Earth Elementalist)   Turns: 2145, Time: 00:05:11

HP:   0/36 (37)     AC:  4    Str: 11    XL:     4   Next: 83%
MP:   0/5           EV: 10    Int: 11    God:
Gold: 54            SH:  0    Dex:  9    Spells: 5/6 levels left

rFire    . . .     SeeInvis .   (no weapon)
rCold    + . .     Gourm    .   (no shield)
rNeg     + + +     Faith    .   m - +2 robe {MR+}
rPois    ∞         Spirit   .   f - +0 hat
rElec    .         Reflect  .   (no cloak)
rCorr    .         Harm     .   (no gloves)
MR       +....                  (no boots)
Stlth    ++........             (no amulet)
HPRegen  0.00/turn              a - -2 ring of evasion (curse)
MPRegen  0.09/turn              (no ring)

@: rotting
A: rotting body, claws 1, carnivore, cold resistance 1, negative energy
resistance 3, inhibited regeneration, torment resistance, unbreathing
a: no special abilities


You were on level 2 of the Dungeon.
You were not hungry.

You visited 1 branch of the dungeon, and saw 2 of its levels.

You collected 54 gold pieces.

Inventory:

Missiles
 b - 28 stones (quivered)
Armour
 f - a +0 hat (worn)
   (You found it on level 1 of the Dungeon)
 m - a +2 robe of magic resistance (worn)
   (You took it off a goblin on level 2 of the Dungeon)
Jewellery
 a - a cursed -2 ring of evasion (left claw)
   (You found it on level 1 of the Dungeon)
Scrolls
 c - a scroll of magic mapping {unknown}
 d - 2 scrolls of identify {unknown}
 h - a scroll of fog {unknown}
 j - a scroll of teleportation {unknown}
 l - a scroll of immolation {unknown}
Potions
 i - a potion of agility {unknown}
 k - 2 potions of curing {unknown}
 n - a potion of degeneration {unknown}
 o - a potion of mutation {unknown}
Comestibles
 e - 3 rations {!d}


   Skills:
 + Level 2.5 Fighting
 - Level 1.7 Dodging
 + Level 3.7 Stealth
 - Level 1.7 Spellcasting
   Level 0.8 Transmutations
 + Level 4.2 Earth Magic


You had 5 spell levels left.
You knew the following spells:

 Your Spells              Type           Power        Failure   Level  Hunger
a - Sandblast             Erth           ##....       5%          1    ##.....

Your spell library contained the following spells:

 Spells                   Type           Power        Failure   Level  Hunger
 Passwall                 Tmut/Erth      #.......     16%         2    ###....
 Stone Arrow              Conj/Erth      #.....       36%         3    ####...
 Petrify                  Tmut/Erth      #.......     71%         4    #####..
 Lee's Rapid Deconstruct  Erth           ##........   82%         5    ######.


Dungeon Overview and Level Annotations

Branches:
Dungeon (2/15)

Altars:
Okawaru
Qazlal
Uskayaw
Zin


Innate Abilities, Weirdness & Mutations

Your body is rotting away.
You thrive on raw meat.
You are immune to poison.
You have sharp fingernails.
You are carnivorous and can eat meat at any time.
Your flesh is cold resistant. (rC+)
You are immune to negative energy. (rN+++)
You do not regenerate when monsters are visible.
You are immune to unholy pain and torment.
You can survive without breathing.


Message History

The blast of sand hits the gnoll!
b - 36 stones Your magical contamination has completely faded away.
Aim: a gnoll, wielding a +0 halberd and wearing a +0 robe (almost dead)
The blast of sand hits the gnoll but does no damage.
b - 35 stones All of the chunks of flesh in your inventory have rotted away.
Aim: a gnoll, wielding a +0 halberd and wearing a +0 robe (almost dead)
The blast of sand hits the gnoll.
b - 34 stones The gnoll hits you from afar with a +0 halberd.
* * * LOW HITPOINT WARNING * * *
Things that are here:
a +0 robe; a cursed -3 club
Aim: a gnoll, wielding a +0 halberd and wearing a +0 robe (almost dead)
The blast of sand hits the gnoll but does no damage.
b - 33 stones
There is an open door here.
There is a stone staircase leading up here.
You feel your flesh rotting away. The gnoll closely misses you.
You climb upwards.
There is a stone staircase leading down here.
You start resting.
You start resting.
You climb downwards.
There is a stone staircase leading up here.
Aim: a gnoll, wielding a +0 halberd and wearing a +0 robe The blast of sand hits the gnoll.
b - 32 stones
Aim: a gnoll, wielding a +0 halberd and wearing a +0 robe (lightly wounded)
The blast of sand hits the gnoll.
b - 31 stones The gnoll hits you from afar with a +0 halberd.
Aim: a gnoll, wielding a +0 halberd and wearing a +0 robe (moderately wounded)
The blast of sand hits the gnoll.
b - 30 stones The gnoll closely misses you.
Aim: a gnoll, wielding a +0 halberd and wearing a +0 robe (heavily wounded)
The blast of sand hits the gnoll.
b - 29 stones
Aim: a gnoll, wielding a +0 halberd and wearing a +0 robe (heavily wounded)
The blast of sand hits the gnoll.
b - 28 stones The gnoll hits you from afar with a +0 halberd.
The gnoll hits you with a +0 halberd.
You scratch the gnoll but do no damage. The gnoll hits you with a +0 halberd!
* * * LOW HITPOINT WARNING * * *
The gnoll hits you from afar with a +0 halberd!
You die...

#.........##☼....# .#
#... ..........####.###
.. #### #.........#
#..#### #.. #..
########### #.....#
#..####.. ### #####g###
#>...... ..### #...#
######<. ....#
#######'##### #..
....#########...........#
#..
..[.#......##...@.g.....#
#..
............(...........#
#..
....#......_............#
#..
....#...................#
#..
....#....8..............#
###
....#...................#
....##._................#
....##..................#
....####...#............#


You could see a gnoll.

Vanquished Creatures
  3 gnolls (D:2)
  3 adders (D:2)
  An ooze (D:1)
  A dart slug (D:1)
  A worm (D:2)
  2 leopard geckos
  2 giant cockroaches (D:1)
  4 goblins
  5 hobgoblins
  6 kobolds
  A quokka (D:2)
  2 ball pythons (D:1)
  2 bats (D:2)
  2 frilled lizards (D:2)
  5 rats
40 creatures vanquished.

Notes
Turn   | Place    | Note
-------+----------+-------------------------------------------
     0 | D:1      | MalarOregon the Ghoul Earth Elementalist began the quest
                  | for the Orb.
     0 | D:1      | Reached XP level 1. HP: 14/14 MP: 2/2
   112 | D:1      | Reached XP level 2. HP: 11/22 MP: 0/3
   137 | D:1      | Reached skill level 1 in Fighting
   778 | D:1      | You fall through a shaft!
   793 | D:2      | Reached XP level 3. HP: 20/28 MP: 1/4
   862 | D:2      | Found a glowing silver altar of Zin.
   862 | D:2      | Found a hide-covered altar of Uskayaw.
   934 | D:2      | Found a stormy altar of Qazlal.
  1214 | D:1      | Reached skill level 4 in Earth Magic
  1214 | D:1      | Reached XP level 4. HP: 34/36 MP: 0/5
  1443 | D:2      | Found an iron altar of Okawaru.
  2145 | D:2      | Slain by a gnoll

Skill      XL: |  1  2  3 |
---------------+----------+-----
Fighting       | 1 2 |  2.5
Stealth        | 3 |  3.7
Earth Magic    | 4 |  4.2
Dodging        | |  1.7
Spellcasting   | |  1.7
Transmutations | |  0.8

Action                   |  1- 3 |  4- 6 || total
-------------------------+-------+-------++-------
Melee: Unarmed           |   115 |    29 ||   144
 Cast: Sandblast         |    31 |    33 ||    64
 Stab: Sleeping          |     3 |     1 ||     4
  Eat: Chunk             |    15 |     4 ||    19
       Ration            |     1 |       ||     1
Armor: Robe              |    28 |     8 ||    36
Dodge: Dodged            |    72 |    26 ||    98
